 Dungeon Crawl Stone Soup version 0.24.0-123-gd5b16e6ec5 (webtiles) character file.

Game seed: 17912059551135124694, levelgen mode: deterministic

4 Notrik the Skirmisher (level 1, -1/20 HPs)
             Began as a Hill Orc Berserker on Feb 7, 2020.
             Was a Follower of Trog.
             Slain by a hobgoblin
             ... wielding a +0 club
              (4 damage)
             ... on level 1 of the Dungeon.
             The game lasted 00:00:36 (151 turns).

Notrik the Skirmisher (Hill Orc Berserker)           Turns: 151, Time: 00:00:37

Health: -1/20      AC:  9    Str: 19    XL:     1   Next: 70%
Magic:  1/1        EV:  7    Int:  7    God:    Trog [*.....]
Gold:   0          SH:  0    Dex: 10    Spells: 0/0 levels left

rFire    . . .     SeeInvis .   a - +0 hand axe
rCold    . . .     Gourm    .   (no shield)
rNeg     . . .     Faith    .   f - +0 chain mail
rPois    .         Spirit   .   (no helmet)
rElec    .         Reflect  .   (no cloak)
rCorr    .         Harm     .   (no gloves)
MR       .....                  d - +0 pair of boots
Stlth    ..........             (no amulet)
HPRegen  0.06/turn              (no ring)
MPRegen  0.07/turn              (no ring)

@: no status effects
A: no striking features
a: Berserk, Renounce Religion


You were on level 1 of the Dungeon.
You worshipped Trog.
Trog was aware of your devotion.
You were not hungry.

You visited 1 branch of the dungeon, and saw 1 of its levels.

Inventory:

Hand Weapons
 a - a +0 hand axe (weapon)
Armour
 d - a +0 pair of boots (worn)
   (You found it on level 1 of the Dungeon)
 f - a +0 chain mail (worn)
   (You found it on level 1 of the Dungeon)
Scrolls
 b - a scroll of identify {unknown}
Comestibles
 c - 7 chunks of flesh
 e - a ration {!d}


   Skills:
 * Level 4.1 Fighting
 - Level 4.0 Axes
 - Level 2.1 Armour
 - Level 1.5 Dodging


You couldn't memorise any spells.
You didn't know any spells.
Your spell library was empty.

Dungeon Overview and Level Annotations

Branches:
Dungeon (1/15)

Altars:


Message History

You start removing your armour.
You continue taking off your +0 animal skin. x4
You finish taking off your +0 animal skin.
You start putting on your armour.
You continue putting on your chain mail. x5
You finish putting on your +0 chain mail.
You drop a +0 animal skin.
You start putting on your armour.
You continue putting on your pair of boots. x4
You finish putting on your +0 pair of boots.
You start resting.
You butcher the ball python corpse.
c - 7 chunks of flesh (gained 4)
You see here a ball python skeleton. x2
b - a scroll labeled QEIMOJOURE A kobold comes into view.
It is wielding a +0 club.
The kobold shouts!
Found a ring mail.
A kobold is nearby!
A kobold is nearby!
A kobold is nearby!
The kobold throws a stone.
The stone hits you but does no damage.
Found an escape hatch in the floor.
You see here a stone.
A hobgoblin and a dart slug come into view.
The hobgoblin shouts!
The dart slug launches a dart at you. The slug dart hits you.
The kobold throws a stone.
The stone hits you but does no damage.
You see here a stone.
The kobold throws a stone.
The stone hits you but does no damage.
You see here a stone.
Found a ring mail.
You hit the kobold.
You kill the kobold!
Trog accepts your kill.
Your Fighting skill increases to level 4!
You hit the hobgoblin but do no damage. The hobgoblin hits you with a +0 club.
The dart slug launches a dart at you. The slug dart hits you!
* * * LOW HITPOINT WARNING * * *
You are too injured to fight recklessly!
You are too injured to fight recklessly!
Unknown command.
A bat comes into view.
The hobgoblin hits you with a +0 club.
* * * LOW HITPOINT WARNING * * *
Found a scroll labeled UMUSSAALEO.
You hit the hobgoblin but do no damage. The hobgoblin hits you with a +0 club.
You die...

..........##.#.>#
...........#.#..####
..........>#.#.....# #
.................## .#
.....[รท...........##.###
............(...........
..)........#.(.......#
..............(......###
..#######.......@......?
#.# ##.....g>#...##. ..#
#........w...... ###
#............... ..#
#.......b....... ..#
#............... ..#
##...............
.###...#.........[.....
<....#


You could see a dart slug, a hobgoblin and a bat.

Vanquished Creatures
  A ball python (D:1)
  A hobgoblin (D:1)
  A kobold (D:1)
  A frilled lizard (D:1)
4 creatures vanquished.

Notes
Turn   | Place    | Note
-------+----------+-------------------------------------------
     0 | D:1      | Notrik the Hill Orc Berserker began the quest for the Orb.
     0 | D:1      | Reached XP level 1. HP: 19/19 MP: 1/1
   151 | D:1      | Slain by a hobgoblin

Levels and vault maps discovered:
D:1:      psy_arrival_radial01, layout_rooms, minivault_25

Skill      XL: |  1 |
---------------+----+-----
Fighting       | 4 |  4.1
Axes           | |  4.0
Armour         | |  2.1
Dodging        | |  1.5

Action                   || total
-------------------------++-------
Melee: Hand axe          ||    13
Armor: Chain mail        ||     3
Dodge: Dodged            ||     6
